Washington Capitals vs Pittsburgh Penguins
(R1)
Created - Sunday, May 11, 2025 at 10:00
Goals
|
| Washington Capitals |
3 |
1 |
3 |
7 |
| Pittsburgh Penguins |
0 |
2 |
3 |
5 |
|
Shots
|
| Washington Capitals |
17 |
6 |
22 |
45 |
| Pittsburgh Penguins |
5 |
15 |
13 |
33 |
|
1st period
1. Washington Capitals , Drake Batherson 27 (Brad Marchand 43) at 2:05
2. Washington Capitals , Owen Tippett 15 (Jordan Kyrou 34) at 15:39
3. Washington Capitals , Yegor Chinakhov 8 (Fabian Zetterlund 17, Michael McLeod 8) at 18:13
Penalties :
No Penalty
2nd period
4. Pittsburgh Penguins , Pavel Buchnevich 25 (Mitchell Marner 56) at 14:20 (SH)
5. Pittsburgh Penguins , Tage Thompson 22 (Adam Gaudette 6) at 17:40
6. Washington Capitals , Brad Marchand 31 (Jordan Kyrou 35, Drake Batherson 37) at 18:22 (PP)
Penalties :
Leon Draisaitl (PIT) for Interference (Minor) at 1:59, Blake Coleman (PIT) for Fighting (Major) at 8:50, Nick Jensen (WSH) for Fighting (Major) at 8:50, Erik Gudbranson (PIT) for Elbowing (Minor) at 13:58, Mattias Ekholm (PIT) for Slashing (Minor) at 18:04
3rd period
7. Pittsburgh Penguins , Tage Thompson 23 (Jordan Eberle 14, Erik Gudbranson 13) at 6:16
8. Washington Capitals , Nico Hischier 36 (Jason Robertson 42) at 10:21 (PP)
9. Pittsburgh Penguins , Sam Reinhart 34 (Leon Draisaitl 56) at 10:25
10. Washington Capitals , Drake Batherson 28 (Mikael Backlund 18, Alex Ovechkin 27) at 10:57
11. Pittsburgh Penguins , Erik Gudbranson 4 (Pavel Buchnevich 30, Sam Reinhart 34) at 14:38
12. Washington Capitals , Brad Marchand 32 (Mikael Backlund 19, Yegor Chinakhov 11) at 19:33
Penalties :
Blake Coleman (PIT) for High sticking (Minor) at 9:11
Goalie Stats
Sergei Bobrovsky (WSH), 28 saves from 33 shots - (0.848), W, 12-5-2, 60:00 minutes
John Gibson (PIT), 38 saves from 45 shots - (0.844), L, 25-27-6, 60:00 minutes
Players Stats for Washington Capitals
Player Name G A P +/- PIM S H SB GA TA FO MP PP MP PK MP
------------------------------------------------------------------------------------
Alex Ovechkin 0 1 1 -2 0 2 0 0 2 0 0/2 18:16 2:48 0:00
Brad Marchand 2 1 3 1 0 5 1 1 0 1 0/0 18:40 2:38 0:00
Derek Forbort 0 0 0 1 0 0 0 1 0 1 0/0 17:15 0:00 0:00
Drake Batherson 2 1 3 0 0 3 0 0 1 1 1/2 18:28 2:38 0:00
Fabian Zetterlund 0 1 1 1 0 0 0 1 0 0 0/0 5:42 0:00 0:00
Ian Cole 0 0 0 0 0 0 3 1 0 0 0/0 13:54 0:00 0:00
Jamie Oleksiak 0 0 0 1 0 6 1 3 1 0 0/0 28:21 2:45 0:00
Jason Robertson 0 1 1 -2 0 1 2 0 1 0 0/0 18:16 2:48 0:00
John Carlson 0 0 0 -3 0 0 4 0 0 0 0/0 18:55 2:41 0:00
Jordan Kyrou 0 2 2 -1 0 4 1 0 1 0 3/4 18:45 2:38 0:00
Michael McLeod 0 1 1 1 0 3 1 1 0 0 3/6 8:48 0:00 0:00
Mikael Backlund 0 2 2 2 0 1 1 0 0 1 6/16 15:52 0:00 0:00
Nick Foligno 0 0 0 0 0 1 2 0 1 1 8/15 14:59 0:00 0:00
Nick Jensen 0 0 0 -1 5 0 2 2 0 1 0/0 14:34 2:41 0:00
Nico Hischier 1 0 1 -2 0 2 2 0 0 0 18/28 18:16 2:48 0:00
Owen Tippett 1 0 1 0 0 6 2 0 0 0 0/0 14:21 0:00 0:00
Thomas Harley 0 0 0 2 0 1 0 1 0 0 0/0 27:00 2:45 0:00
Yegor Chinakhov 1 1 2 2 0 10 0 0 0 0 0/0 9:37 0:00 0:00
Players Stats for Pittsburgh Penguins
Player Name G A P +/- PIM S H SB GA TA FO MP PP MP PK MP
------------------------------------------------------------------------------------
Adam Gaudette 0 1 1 1 0 1 1 1 0 0 8/13 15:34 0:00 1:07
Blake Coleman 0 0 0 0 7 0 4 0 0 1 0/1 13:55 0:00 0:00
Brian Dumoulin 0 0 0 0 0 0 4 1 0 0 0/0 15:36 0:00 0:00
Carson Soucy 0 0 0 0 0 0 0 2 0 1 0/0 21:52 0:00 2:31
Erik Gudbranson 1 1 2 0 2 2 1 0 0 1 0/0 21:10 0:00 1:39
Erik Karlsson 0 0 0 0 0 0 1 3 0 0 0/0 22:32 0:00 2:55
Gabriel Vilardi 0 0 0 0 0 1 0 0 1 0 3/5 8:17 0:00 0:00
Jean-Gabriel Pageau 0 0 0 0 0 0 0 1 0 0 1/1 8:17 0:00 0:00
Jordan Eberle 0 1 1 1 0 3 1 2 0 0 0/1 15:03 0:00 0:00
Leon Draisaitl 0 1 1 -2 2 3 5 0 0 0 10/20 19:00 0:00 1:40
Mattias Ekholm 0 0 0 0 2 0 0 2 0 0 0/0 22:31 0:00 2:55
Mitchell Marner 0 1 1 1 0 5 2 0 1 1 1/5 18:15 0:00 2:39
Pavel Buchnevich 1 1 2 -1 0 3 1 0 0 0 0/1 19:04 0:00 2:39
Phillip Danault 0 0 0 0 0 3 1 1 0 0 10/24 15:21 0:00 0:00
Ryan O'Reilly 0 0 0 0 0 2 1 0 1 0 0/0 8:17 0:00 0:00
Sam Reinhart 1 1 2 -2 0 5 0 0 0 1 1/1 19:01 0:00 2:47
Tage Thompson 2 0 2 1 0 5 1 2 2 0 0/1 14:27 0:00 0:00
Travis Sanheim 0 0 0 0 0 0 2 1 1 2 0/0 16:17 0:00 0:52
3 Stars
1 - Brad Marchand (WSH)
2 - Drake Batherson (WSH)
3 - Tage Thompson (PIT)
Power Play
Washington Capitals - 2 on 4 Attempt(s) - 50.00%
Pittsburgh Penguins - 0 on 0 Attempt(s) - 0.00%
Penalty Kill
Washington Capitals - 0 on 0 Attempt(s) - 0.00%
- Score 0 goal in Penalty Kill
Pittsburgh Penguins - 2 on 4 Attempt(s) - 50.00%
- Score 1 goal in Penalty Kill
Team Stat
Washington Capitals - Hits : 22 - Faceoff Wins : 39 - Blocked Shots : 11 - Penalty Minutes : 5
Pittsburgh Penguins - Hits : 25 - Faceoff Wins : 34 - Blocked Shots : 16 - Penalty Minutes : 13
Official
Referees : Frederick L'Ecuyer and Graham Skilliter
Linesman : Scott Cherrey and Julien Fournier
Game Notes
Fabian Zetterlund is injured at 4:17 of 2nd period (Upper Body)
Blake Coleman beats up Nick Jensen at 8:50 of 2nd period
Finance
Level 1 -- Attendance: 4549 (75.82%) -- Ticket Income $454,900
Level 2 -- Attendance: 4090 (81.80%) -- Ticket Income $245,400
Level 3 -- Attendance: 2402 (80.07%) -- Ticket Income $84,070
Level 4 -- Attendance: 3747 (74.94%) -- Ticket Income $93,675
Luxury Box -- Attendance: 842 (84.20%) -- Ticket Income $168,400
Game was played at the Consol Energy Center.
Total Attendance: 15630 (78.15%)
Total Ticket Income: $1,046,445
Other Income: $366,256
Total Income: $1,412,701
Washington Capitals
5 vs 5 Forward
Center Left Wing Right Wing Time % Phy DF OF
1 Nico Hischier Alex Ovechkin Jason Robertson 30 1 2 2
2 Mikael Backlund Brad Marchand Drake Batherson 30 1 2 2
3 Nick Foligno Owen Tippett Jordan Kyrou 25 1 2 2
4 Michael McLeod Yegor Chinakhov Fabian Zetterlund 15 1 2 2
5 vs 5 Defense
Defense Defense Time % Phy DF OF
1 John Carlson Jamie Oleksiak 30 1 2 2
2 Thomas Harley Derek Forbort 30 1 2 2
3 Ian Cole Nick Jensen 25 1 2 2
4 Thomas Harley Jamie Oleksiak 15 1 2 2
PowerPlay Forward
Center Left Wing Right Wing Time % Phy DF OF
1 Nico Hischier Alex Ovechkin Jason Robertson 50 1 2 2
2 Jordan Kyrou Brad Marchand Drake Batherson 50 1 2 2
PowerPlay Defense
Defense Defense Time % Phy DF OF
1 John Carlson Nick Jensen 50 1 2 2
2 Thomas Harley Jamie Oleksiak 50 1 2 2
Penalty Kill 4 Players Forward
Center Wing Time % Phy DF OF
1 Mikael Backlund Fabian Zetterlund 50 1 2 2
2 Michael McLeod Nick Foligno 50 1 2 2
Penalty Kill 4 Players Defense
Defense Defense Time % Phy DF OF
1 Derek Forbort Jamie Oleksiak 50 1 2 2
2 Nick Jensen Ian Cole 50 1 2 2
Penalty Kill - 3 Players Forward
Forward Time % Phy DF OF
1 Mikael Backlund 50 1 2 2
2 Michael McLeod 50 1 2 2
Penalty Kill - 3 Players Defense
Defense Defense Time % Phy DF OF
1 Derek Forbort Jamie Oleksiak 50 1 2 2
2 Nick Jensen Ian Cole 50 1 2 2
4 vs 4 Forward
Center Wing Time % Phy DF OF
1 Nico Hischier Alex Ovechkin 50 1 2 2
2 Jordan Kyrou Jason Robertson 50 1 2 2
4 vs 4 Defense
Defense Defense Time % Phy DF OF
1 John Carlson Nick Jensen 50 1 2 2
2 Thomas Harley Jamie Oleksiak 50 1 2 2
Last Minutes Offensive
Center Left Wing Right Wing Defense Defense
Nico Hischier Alex Ovechkin Jason Robertson John Carlson Thomas Harley
Last Minutes Defensive
Center Left Wing Right Wing Defense Defense
Mikael Backlund Brad Marchand Nick Foligno Derek Forbort Jamie Oleksiak
Goaltenders
Starting : Sergei Bobrovsky
Backup : Jake Oettinger
Extra Forwards
Normal : Jordan Kyrou, Nick Foligno, Owen Tippett - PP : Drake Batherson, Owen Tippett - PK : Fabian Zetterlund
Extra Defensemen
Normal : Derek Forbort, Nick Jensen, Thomas Harley - PP : Derek Forbort - PK : Nick Jensen, Thomas Harley
Penalty Shots
Jason Robertson, Drake Batherson, Yegor Chinakhov, John Carlson, Jordan Kyrou
Scratches
Stefan Noesen (Healthy)
Pittsburgh Penguins
5 vs 5 Forward
Center Left Wing Right Wing Time % Phy DF OF
1 Leon Draisaitl Pavel Buchnevich Sam Reinhart 30 1 2 2
2 Phillip Danault Blake Coleman Mitchell Marner 30 1 2 2
3 Adam Gaudette Tage Thompson Jordan Eberle 25 1 2 2
4 Gabriel Vilardi Jean-Gabriel Pageau Ryan O'Reilly 15 1 2 2
5 vs 5 Defense
Defense Defense Time % Phy DF OF
1 Mattias Ekholm Erik Karlsson 35 1 2 2
2 Erik Gudbranson Carson Soucy 35 1 2 2
3 Brian Dumoulin Travis Sanheim 30 1 2 2
4 Mattias Ekholm Erik Karlsson 0 1 2 2
PowerPlay Forward
Center Left Wing Right Wing Time % Phy DF OF
1 Leon Draisaitl Pavel Buchnevich Sam Reinhart 50 1 2 2
2 Phillip Danault Blake Coleman Mitchell Marner 50 1 2 2
PowerPlay Defense
Defense Defense Time % Phy DF OF
1 Mattias Ekholm Erik Karlsson 50 1 2 2
2 Erik Gudbranson Travis Sanheim 50 1 2 2
Penalty Kill 4 Players Forward
Center Wing Time % Phy DF OF
1 Leon Draisaitl Sam Reinhart 50 1 2 2
2 Mitchell Marner Pavel Buchnevich 50 1 2 2
Penalty Kill 4 Players Defense
Defense Defense Time % Phy DF OF
1 Mattias Ekholm Erik Karlsson 50 1 2 2
2 Erik Gudbranson Carson Soucy 50 1 2 2
Penalty Kill - 3 Players Forward
Forward Time % Phy DF OF
1 Leon Draisaitl 50 1 2 2
2 Sam Reinhart 50 1 2 2
Penalty Kill - 3 Players Defense
Defense Defense Time % Phy DF OF
1 Mattias Ekholm Erik Karlsson 50 1 2 2
2 Erik Gudbranson Travis Sanheim 50 1 2 2
4 vs 4 Forward
Center Wing Time % Phy DF OF
1 Leon Draisaitl Sam Reinhart 50 1 2 2
2 Mitchell Marner Pavel Buchnevich 50 1 2 2
4 vs 4 Defense
Defense Defense Time % Phy DF OF
1 Mattias Ekholm Erik Karlsson 50 1 2 2
2 Erik Gudbranson Brian Dumoulin 50 1 2 2
Last Minutes Offensive
Center Left Wing Right Wing Defense Defense
Leon Draisaitl Pavel Buchnevich Sam Reinhart Mattias Ekholm Erik Karlsson
Last Minutes Defensive
Center Left Wing Right Wing Defense Defense
Leon Draisaitl Pavel Buchnevich Sam Reinhart Mattias Ekholm Erik Karlsson
Goaltenders
Starting : John Gibson
Backup : Jordan Binnington
Extra Forwards
Normal : Leon Draisaitl, Jordan Eberle, Sam Reinhart - PP : Sam Reinhart, Jordan Eberle - PK : Leon Draisaitl
Extra Defensemen
Normal : Erik Karlsson, Mattias Ekholm, Erik Gudbranson - PP : Mattias Ekholm - PK : Erik Karlsson, Erik Gudbranson
Penalty Shots
Leon Draisaitl, Sam Reinhart, Mitchell Marner, Pavel Buchnevich, Blake Coleman
Scratches
None
% Time on Ice - Washington Capitals
Lines # - Real PCT - Wanted PCT - Time Play
Normal Forward
1 - 29% - 30% - 15:28
2 - 28% - 30% - 15:13
3 - 27% - 25% - 14:16
4 - 16% - 15% - 8:48
Normal Defense
1 - 29% - 30% - 15:36
2 - 29% - 30% - 15:46
3 - 26% - 25% - 13:47
4 - 16% - 15% - 8:36
PP Forward
1 - 52% - 50% - 2:48
2 - 48% - 50% - 2:38
PP Defense
1 - 49% - 50% - 2:41
2 - 51% - 50% - 2:45
PK Forward
1 - 0% - 50%
2 - 0% - 50%
PK Defense
1 - 0% - 50%
2 - 0% - 50%
PK3 Forward
1 - 0% - 50%
2 - 0% - 50%
PK3 Defense
1 - 0% - 50%
2 - 0% - 50%
44 Forward
1 - 0% - 50%
2 - 0% - 50%
44 Defense
1 - 0% - 50%
2 - 0% - 50%
Last Minute Offensive - 0:00
Last Minute Defensive - 0:49
Total
Forward - 60:00
Defense - 60:00
|
% Time on Ice - Pittsburgh Penguins
Lines # - Real PCT - Wanted PCT - Time Play
Normal Forward
1 - 29% - 30% - 15:41
2 - 29% - 30% - 15:21
3 - 27% - 25% - 14:27
4 - 15% - 15% - 8:17
Normal Defense
1 - 36% - 35% - 19:25
2 - 35% - 35% - 18:33
3 - 29% - 30% - 15:36
4 - 0% - 0% - 0:12
PP Forward
1 - 0% - 50%
2 - 0% - 50%
PP Defense
1 - 0% - 50%
2 - 0% - 50%
PK Forward
1 - 51% - 50% - 2:47
2 - 49% - 50% - 2:39
PK Defense
1 - 54% - 50% - 2:55
2 - 46% - 50% - 2:31
PK3 Forward
1 - 0% - 50%
2 - 0% - 50%
PK3 Defense
1 - 0% - 50%
2 - 0% - 50%
44 Forward
1 - 0% - 50%
2 - 0% - 50%
44 Defense
1 - 0% - 50%
2 - 0% - 50%
Last Minute Offensive - 0:48
Last Minute Defensive - 0:00
Total
Forward - 60:00
Defense - 60:00
|
Play-by-Play
1st period
0:01 of 1st period - Nico Hischier wins face-off versus Leon Draisaitl in neutral zone.
0:04 of 1st period - Sam Reinhart is hit by Jason Robertson and loses puck.
0:34 of 1st period - John Carlson is hit by Blake Coleman and loses puck.
0:50 of 1st period - Icing by Carson Soucy.
0:51 of 1st period - Adam Gaudette wins face-off versus Nick Foligno in Pittsburgh Penguins zone.
1:22 of 1st period - Slapshot by Owen Tippett.
1:22 of 1st period - Stopped by John Gibson without a rebound.
1:23 of 1st period - Michael McLeod wins face-off versus Gabriel Vilardi in Pittsburgh Penguins zone.
1:34 of 1st period - Ian Cole is hit by Brian Dumoulin and loses puck.
1:53 of 1st period - Slapshot by Sam Reinhart.
1:53 of 1st period - Stopped by Sergei Bobrovsky without a rebound.
1:54 of 1st period - Leon Draisaitl wins face-off versus Mikael Backlund in Washington Capitals zone.
2:05 of 1st period - Slapshot by Drake Batherson.
2:05 of 1st period - Goal by Drake Batherson - Washington Capitals : 1 - Pittsburgh Penguins : 0.
2:06 of 1st period - Phillip Danault wins face-off versus Alex Ovechkin in neutral zone.
2:11 of 1st period - Wrist shot by Mitchell Marner.
2:11 of 1st period - Shot Misses the Net.
2:13 of 1st period - Slapshot by Travis Sanheim.
2:13 of 1st period - Shot Misses the Net.
2:17 of 1st period - Slapshot by Phillip Danault.
2:17 of 1st period - Stopped by Sergei Bobrovsky with a rebound.
3:25 of 1st period - Snap shot by Jordan Kyrou.
3:25 of 1st period - Stopped by John Gibson without a rebound.
3:26 of 1st period - Michael McLeod wins face-off versus Adam Gaudette in Pittsburgh Penguins zone.
3:27 of 1st period - Wrist shot by Yegor Chinakhov.
3:27 of 1st period - Stopped by John Gibson with a rebound.
3:31 of 1st period - Snap shot by Fabian Zetterlund.
3:31 of 1st period - Shot Misses the Net.
3:39 of 1st period - Backhand shot by Yegor Chinakhov.
3:39 of 1st period - Stopped by John Gibson without a rebound.
3:40 of 1st period - Mikael Backlund wins face-off versus Phillip Danault in Pittsburgh Penguins zone.
4:30 of 1st period - Snap shot by Yegor Chinakhov.
4:30 of 1st period - Stopped by John Gibson without a rebound.
4:31 of 1st period - Adam Gaudette wins face-off versus Michael McLeod in Pittsburgh Penguins zone.
4:31 of 1st period - Adam Gaudette is hit by John Carlson.
4:45 of 1st period - Slapshot by Yegor Chinakhov.
4:45 of 1st period - Stopped by John Gibson with a rebound.
4:47 of 1st period - Slapshot by Jamie Oleksiak.
4:47 of 1st period - Shot Blocked by Jordan Eberle.
5:23 of 1st period - Jamie Oleksiak is hit by Jordan Eberle and loses puck.
5:30 of 1st period - Brian Dumoulin is hit by John Carlson.
5:56 of 1st period - Slapshot by Jamie Oleksiak.
5:56 of 1st period - Stopped by John Gibson with a rebound.
5:58 of 1st period - Slapshot by John Carlson.
5:58 of 1st period - Shot Misses the Net.
6:09 of 1st period - Snap shot by Michael McLeod.
6:09 of 1st period - Stopped by John Gibson with a rebound.
6:11 of 1st period - Snap shot by Michael McLeod.
6:11 of 1st period - Shot Misses the Net.
6:13 of 1st period - Wrist shot by Yegor Chinakhov.
6:13 of 1st period - Shot Blocked by Brian Dumoulin.
6:15 of 1st period - Wrist shot by Yegor Chinakhov.
6:15 of 1st period - Stopped by John Gibson with a rebound.
6:40 of 1st period - Wrist shot by Fabian Zetterlund.
6:40 of 1st period - Shot Hit the Post.
6:42 of 1st period - Slapshot by Jamie Oleksiak.
6:42 of 1st period - Shot Blocked by Tage Thompson.
6:44 of 1st period - Wrist shot by Jamie Oleksiak.
6:44 of 1st period - Deflect By Travis Sanheim.
6:44 of 1st period - Stopped by John Gibson with a rebound.
6:46 of 1st period - Slapshot by Jamie Oleksiak.
6:46 of 1st period - Deflect By Travis Sanheim.
6:46 of 1st period - Stopped by John Gibson with a rebound.
7:19 of 1st period - Snap shot by Fabian Zetterlund.
7:19 of 1st period - Shot Misses the Net.
7:23 of 1st period - Slapshot by Michael McLeod.
7:23 of 1st period - Stopped by John Gibson without a rebound.
7:24 of 1st period - Nico Hischier wins face-off versus Phillip Danault in Pittsburgh Penguins zone.
7:51 of 1st period - Mattias Ekholm is hit by Mikael Backlund and loses puck.
8:00 of 1st period - Snap shot by Brad Marchand.
8:00 of 1st period - Stopped by John Gibson without a rebound.
8:01 of 1st period - Gabriel Vilardi wins face-off versus Nick Foligno in Pittsburgh Penguins zone.
8:01 of 1st period - Gabriel Vilardi is hit by Ian Cole.
8:06 of 1st period - Off-side.
8:07 of 1st period - Nick Foligno wins face-off versus Gabriel Vilardi in neutral zone.
8:31 of 1st period - Icing by Thomas Harley.
8:32 of 1st period - Mikael Backlund wins face-off versus Phillip Danault in Washington Capitals zone.
8:45 of 1st period - Wrist shot by Mitchell Marner.
8:45 of 1st period - Shot Blocked by Thomas Harley.
8:47 of 1st period - Snap shot by Phillip Danault.
8:47 of 1st period - Shot Misses the Net.
8:49 of 1st period - Snap shot by Phillip Danault.
8:49 of 1st period - Shot Blocked by Brad Marchand.
9:20 of 1st period - Jean-Gabriel Pageau is hit by Owen Tippett and loses puck.
12:21 of 1st period - Jamie Oleksiak is hit by Leon Draisaitl and loses puck.
12:28 of 1st period - Pavel Buchnevich is hit by Nick Foligno and loses puck.
12:57 of 1st period - Nico Hischier is hit by Pavel Buchnevich and loses puck.
13:09 of 1st period - Leon Draisaitl is hit by Nick Jensen and loses puck.
13:48 of 1st period - Wrist shot by Gabriel Vilardi.
13:48 of 1st period - Shot Blocked by Nick Jensen.
13:50 of 1st period - Wrist shot by Gabriel Vilardi.
13:50 of 1st period - Stopped by Sergei Bobrovsky with a rebound.
14:41 of 1st period - Off-side.
14:42 of 1st period - Phillip Danault wins face-off versus Alex Ovechkin in neutral zone.
14:57 of 1st period - Mitchell Marner is hit by Nico Hischier and loses puck.
15:32 of 1st period - Erik Gudbranson is hit by Nick Foligno and loses puck.
15:39 of 1st period - Snap shot by Owen Tippett.
15:39 of 1st period - Goal by Owen Tippett - Washington Capitals : 2 - Pittsburgh Penguins : 0.
15:40 of 1st period - Phillip Danault wins face-off versus Nico Hischier in neutral zone.
15:51 of 1st period - Snap shot by Mitchell Marner.
15:51 of 1st period - Deflect By Phillip Danault.
15:51 of 1st period - Shot Misses the Net.
15:51 of 1st period - Puck is out of play.
15:52 of 1st period - Phillip Danault wins face-off versus Drake Batherson in Washington Capitals zone.
16:05 of 1st period - Snap shot by Blake Coleman.
16:05 of 1st period - Shot Misses the Net.
16:25 of 1st period - Snap shot by Nico Hischier.
16:25 of 1st period - Deflect By Jason Robertson.
16:25 of 1st period - Stopped by John Gibson without a rebound.
16:26 of 1st period - Nico Hischier wins face-off versus Leon Draisaitl in Pittsburgh Penguins zone.
16:54 of 1st period - Off-side.
16:55 of 1st period - Mikael Backlund wins face-off versus Phillip Danault in neutral zone.
17:00 of 1st period - Phillip Danault is hit by Brad Marchand and loses puck.
18:07 of 1st period - Wrist shot by Fabian Zetterlund.
18:07 of 1st period - Shot Blocked by Erik Karlsson.
18:09 of 1st period - Wrist shot by Michael McLeod.
18:09 of 1st period - Shot Blocked by Erik Karlsson.
18:11 of 1st period - Snap shot by Fabian Zetterlund.
18:11 of 1st period - Shot Misses the Net.
18:13 of 1st period - Snap shot by Yegor Chinakhov.
18:13 of 1st period - Goal by Yegor Chinakhov - Washington Capitals : 3 - Pittsburgh Penguins : 0.
18:14 of 1st period - Phillip Danault wins face-off versus Mikael Backlund in neutral zone.
18:40 of 1st period - Ian Cole is hit by Leon Draisaitl and loses puck.
19:14 of 1st period - Wrist shot by Ryan O'Reilly.
19:14 of 1st period - Stopped by Sergei Bobrovsky without a rebound.
19:15 of 1st period - Phillip Danault wins face-off versus Mikael Backlund in Washington Capitals zone.
19:28 of 1st period - Slapshot by Mitchell Marner.
19:28 of 1st period - Stopped by Sergei Bobrovsky without a rebound.
19:29 of 1st period - Nico Hischier wins face-off versus Leon Draisaitl in Washington Capitals zone.
Goals for this period are 3 for Washington Capitals vs 0 for Pittsburgh Penguins.
Shots for this period are 17 for Washington Capitals vs 5 for Pittsburgh Penguins.
2nd period
0:01 of 2nd period - Nick Foligno wins face-off versus Blake Coleman in neutral zone.
0:06 of 2nd period - Wrist shot by Owen Tippett.
0:06 of 2nd period - Shot Blocked by Travis Sanheim.
0:08 of 2nd period - Snap shot by Nick Foligno.
0:08 of 2nd period - Shot Misses the Net.
0:10 of 2nd period - Backhand shot by Thomas Harley.
0:10 of 2nd period - Shot Misses the Net.
0:12 of 2nd period - Wrist shot by Nick Foligno.
0:12 of 2nd period - Stopped by John Gibson with a rebound.
0:14 of 2nd period - Snap shot by Nick Foligno.
0:14 of 2nd period - Shot Misses the Net.
1:52 of 2nd period - Snap shot by Drake Batherson.
1:52 of 2nd period - Shot Misses the Net.
1:59 of 2nd period - Minor Penalty to Leon Draisaitl for Interference.
2:00 of 2nd period - Adam Gaudette wins face-off versus Nico Hischier in Pittsburgh Penguins zone.
2:38 of 2nd period - Wrist shot by Jordan Kyrou.
2:38 of 2nd period - Deflect By Erik Karlsson.
2:38 of 2nd period - Stopped by John Gibson without a rebound.
2:39 of 2nd period - Jordan Kyrou wins face-off versus Mitchell Marner in Pittsburgh Penguins zone.
2:42 of 2nd period - Wrist shot by Drake Batherson.
2:42 of 2nd period - Shot Blocked by Mattias Ekholm.
2:44 of 2nd period - Snap shot by Jamie Oleksiak.
2:44 of 2nd period - Stopped by John Gibson with a rebound.
3:59 of 2nd period - Penalty to Leon Draisaitl is over, Leon Draisaitl is back on ice.
4:15 of 2nd period - Snap shot by Phillip Danault.
4:15 of 2nd period - Stopped by Sergei Bobrovsky with a rebound.
4:17 of 2nd period - Snap shot by Blake Coleman.
4:17 of 2nd period - Shot Blocked by Fabian Zetterlund.
4:17 of 2nd period - Fabian Zetterlund from Washington Capitals is injured at 4:17 of 2nd period (Upper Body).
4:18 of 2nd period - Nico Hischier wins face-off versus Phillip Danault in Washington Capitals zone.
4:18 of 2nd period - Nico Hischier is hit by Erik Gudbranson.
5:01 of 2nd period - Pavel Buchnevich is hit by Jamie Oleksiak.
5:27 of 2nd period - Snap shot by Leon Draisaitl.
5:27 of 2nd period - Stopped by Sergei Bobrovsky without a rebound.
5:28 of 2nd period - Nico Hischier wins face-off versus Phillip Danault in Washington Capitals zone.
5:41 of 2nd period - Wrist shot by Mitchell Marner.
5:41 of 2nd period - Deflect By Phillip Danault.
5:41 of 2nd period - Shot Blocked by Derek Forbort.
5:41 of 2nd period - Puck is out of play.
5:42 of 2nd period - Nick Foligno wins face-off versus Adam Gaudette in Washington Capitals zone.
5:42 of 2nd period - Nick Foligno is hit by Tage Thompson.
5:52 of 2nd period - Wrist shot by Owen Tippett.
5:52 of 2nd period - Shot Blocked by Tage Thompson.
6:40 of 2nd period - Wrist shot by Jason Robertson.
6:40 of 2nd period - Shot Misses the Net.
6:42 of 2nd period - Wrist shot by Alex Ovechkin.
6:42 of 2nd period - Deflect By Blake Coleman.
6:42 of 2nd period - Shot Blocked by Phillip Danault.
6:42 of 2nd period - Puck is out of play.
6:43 of 2nd period - Phillip Danault wins face-off versus Nico Hischier in Pittsburgh Penguins zone.
6:52 of 2nd period - Snap shot by Blake Coleman.
6:52 of 2nd period - Shot Blocked by Jamie Oleksiak.
7:12 of 2nd period - Wrist shot by Mitchell Marner.
7:12 of 2nd period - Stopped by Sergei Bobrovsky without a rebound.
7:13 of 2nd period - Leon Draisaitl wins face-off versus Nick Foligno in Washington Capitals zone.
7:16 of 2nd period - Snap shot by Sam Reinhart.
7:16 of 2nd period - Stopped by Sergei Bobrovsky with a rebound.
7:22 of 2nd period - Travis Sanheim is hit by Owen Tippett and loses puck.
7:37 of 2nd period - Jordan Kyrou is hit by Brian Dumoulin and loses puck.
7:43 of 2nd period - Nick Jensen is hit by Travis Sanheim.
8:49 of 2nd period - Snap shot by Owen Tippett.
8:49 of 2nd period - Stopped by John Gibson without a rebound.
8:50 of 2nd period - Mikael Backlund wins face-off versus Phillip Danault in Pittsburgh Penguins zone.
8:50 of 2nd period - Blake Coleman beats up Nick Jensen.
8:50 of 2nd period - Penalty to Blake Coleman for Fighting.
8:50 of 2nd period - Penalty to Nick Jensen for Fighting.
8:51 of 2nd period - Phillip Danault wins face-off versus Mikael Backlund in Pittsburgh Penguins zone.
9:02 of 2nd period - Backhand shot by Mitchell Marner.
9:02 of 2nd period - Shot Misses the Net.
9:08 of 2nd period - Snap shot by Phillip Danault.
9:08 of 2nd period - Stopped by Sergei Bobrovsky with a rebound.
9:58 of 2nd period - Icing by Ian Cole.
9:59 of 2nd period - Gabriel Vilardi wins face-off versus Mikael Backlund in Washington Capitals zone.
10:24 of 2nd period - Alex Ovechkin is hit by Brian Dumoulin.
10:27 of 2nd period - Icing by Jason Robertson.
10:28 of 2nd period - Nico Hischier wins face-off versus Phillip Danault in Washington Capitals zone.
11:19 of 2nd period - Thomas Harley is hit by Ryan O'Reilly and loses puck.
11:28 of 2nd period - Snap shot by Gabriel Vilardi.
11:28 of 2nd period - Deflect By Ryan O'Reilly.
11:28 of 2nd period - Stopped by Sergei Bobrovsky without a rebound.
11:29 of 2nd period - Nico Hischier wins face-off versus Phillip Danault in Washington Capitals zone.
11:42 of 2nd period - Nico Hischier is hit by Leon Draisaitl and loses puck.
12:19 of 2nd period - Snap shot by Leon Draisaitl.
12:19 of 2nd period - Deflect By Sam Reinhart.
12:19 of 2nd period - Stopped by Sergei Bobrovsky with a rebound.
12:25 of 2nd period - Wrist shot by Sam Reinhart.
12:25 of 2nd period - Shot Misses the Net.
13:33 of 2nd period - Mitchell Marner is hit by Ian Cole and loses puck.
13:58 of 2nd period - Minor Penalty to Erik Gudbranson for Elbowing.
13:59 of 2nd period - Nico Hischier wins face-off versus Pavel Buchnevich in Pittsburgh Penguins zone.
14:20 of 2nd period - Snap shot by Pavel Buchnevich.
14:20 of 2nd period - Goal by Pavel Buchnevich - Washington Capitals : 3 - Pittsburgh Penguins : 1.
14:21 of 2nd period - Mitchell Marner wins face-off versus Jordan Kyrou in neutral zone.
14:52 of 2nd period - Mattias Ekholm is hit by Nico Hischier.
15:58 of 2nd period - Penalty to Erik Gudbranson is over, Erik Gudbranson is back on ice.
16:04 of 2nd period - Wrist shot by Tage Thompson.
16:04 of 2nd period - Stopped by Sergei Bobrovsky with a rebound.
16:15 of 2nd period - Adam Gaudette is hit by Michael McLeod and loses puck.
16:38 of 2nd period - Ian Cole is hit by Mitchell Marner and loses puck.
17:17 of 2nd period - Alex Ovechkin is hit by Leon Draisaitl and loses puck.
17:26 of 2nd period - Wrist shot by Leon Draisaitl.
17:26 of 2nd period - Stopped by Sergei Bobrovsky without a rebound.
17:27 of 2nd period - Adam Gaudette wins face-off versus Nick Foligno in Washington Capitals zone.
17:28 of 2nd period - Wrist shot by Jordan Eberle.
17:28 of 2nd period - Stopped by Sergei Bobrovsky without a rebound.
17:29 of 2nd period - Adam Gaudette wins face-off versus Nick Foligno in Washington Capitals zone.
17:36 of 2nd period - Slapshot by Jordan Eberle.
17:36 of 2nd period - Stopped by Sergei Bobrovsky without a rebound.
17:37 of 2nd period - Adam Gaudette wins face-off versus Nick Foligno in Washington Capitals zone.
17:40 of 2nd period - Snap shot by Tage Thompson.
17:40 of 2nd period - Goal by Tage Thompson - Washington Capitals : 3 - Pittsburgh Penguins : 2.
17:41 of 2nd period - Nico Hischier wins face-off versus Leon Draisaitl in neutral zone.
18:04 of 2nd period - Minor Penalty to Mattias Ekholm for Slashing.
18:05 of 2nd period - Jordan Kyrou wins face-off versus Mitchell Marner in Pittsburgh Penguins zone.
18:22 of 2nd period - Snap shot by Brad Marchand.
18:22 of 2nd period - Goal by Brad Marchand - Washington Capitals : 4 - Pittsburgh Penguins : 2.
18:23 of 2nd period - Drake Batherson wins face-off versus Phillip Danault in neutral zone.
18:28 of 2nd period - Snap shot by Mitchell Marner.
18:28 of 2nd period - Stopped by Sergei Bobrovsky with a rebound.
18:44 of 2nd period - Jamie Oleksiak is hit by Blake Coleman and loses puck.
18:51 of 2nd period - Slapshot by John Carlson.
18:51 of 2nd period - Shot Misses the Net.
18:53 of 2nd period - Wrist shot by Drake Batherson.
18:53 of 2nd period - Shot Misses the Net.
18:55 of 2nd period - Slapshot by Drake Batherson.
18:55 of 2nd period - Stopped by John Gibson with a rebound.
19:05 of 2nd period - Mikael Backlund is hit by Blake Coleman.
19:42 of 2nd period - Mikael Backlund is hit by Phillip Danault and loses puck.
19:46 of 2nd period - Icing by Mikael Backlund.
19:47 of 2nd period - Leon Draisaitl wins face-off versus Mikael Backlund in Washington Capitals zone.
19:50 of 2nd period - Wrist shot by Leon Draisaitl.
19:50 of 2nd period - Stopped by Sergei Bobrovsky without a rebound.
19:51 of 2nd period - Sam Reinhart wins face-off versus Nico Hischier in Washington Capitals zone.
19:57 of 2nd period - Alex Ovechkin is hit by Leon Draisaitl and loses puck.
Goals for this period are 1 for Washington Capitals vs 2 for Pittsburgh Penguins.
Shots for this period are 6 for Washington Capitals vs 15 for Pittsburgh Penguins.
3rd period
0:01 of 3rd period - Nico Hischier wins face-off versus Leon Draisaitl in neutral zone.
0:26 of 3rd period - Nick Foligno is hit by Adam Gaudette and loses puck.
0:50 of 3rd period - Thomas Harley is hit by Travis Sanheim and loses puck.
0:53 of 3rd period - Snap shot by Jamie Oleksiak.
0:53 of 3rd period - Shot Blocked by Jean-Gabriel Pageau.
0:55 of 3rd period - Slapshot by Jamie Oleksiak.
0:55 of 3rd period - Stopped by John Gibson with a rebound.
0:57 of 3rd period - Snap shot by Brad Marchand.
0:57 of 3rd period - Stopped by John Gibson without a rebound.
0:58 of 3rd period - Leon Draisaitl wins face-off versus Nico Hischier in Pittsburgh Penguins zone.
0:58 of 3rd period - Leon Draisaitl is hit by Jason Robertson.
1:01 of 3rd period - Icing by Sam Reinhart.
1:02 of 3rd period - Leon Draisaitl wins face-off versus Nico Hischier in Pittsburgh Penguins zone.
1:15 of 3rd period - Carson Soucy is hit by Ian Cole and loses puck.
2:14 of 3rd period - Snap shot by Mitchell Marner.
2:14 of 3rd period - Stopped by Sergei Bobrovsky with a rebound.
2:28 of 3rd period - Nick Foligno is hit by Erik Karlsson and loses puck.
2:59 of 3rd period - Snap shot by Nico Hischier.
2:59 of 3rd period - Shot Blocked by Jordan Eberle.
3:14 of 3rd period - Off-side.
3:15 of 3rd period - Phillip Danault wins face-off versus Mikael Backlund in neutral zone.
3:18 of 3rd period - John Carlson is hit by Mitchell Marner and loses puck.
3:27 of 3rd period - Snap shot by Drake Batherson.
3:27 of 3rd period - Shot Misses the Net.
4:04 of 3rd period - Wrist shot by Pavel Buchnevich.
4:04 of 3rd period - Shot Misses the Net.
4:06 of 3rd period - Snap shot by Adam Gaudette.
4:06 of 3rd period - Stopped by Sergei Bobrovsky without a rebound.
4:07 of 3rd period - Mikael Backlund wins face-off versus Tage Thompson in Washington Capitals zone.
4:23 of 3rd period - Off-side.
4:24 of 3rd period - Leon Draisaitl wins face-off versus Nico Hischier in neutral zone.
4:51 of 3rd period - Jordan Kyrou is hit by Blake Coleman and loses puck.
5:22 of 3rd period - Snap shot by Jordan Eberle.
5:22 of 3rd period - Stopped by Sergei Bobrovsky without a rebound.
5:23 of 3rd period - Nico Hischier wins face-off versus Leon Draisaitl in Washington Capitals zone.
5:38 of 3rd period - Snap shot by Leon Draisaitl.
5:38 of 3rd period - Shot Blocked by Ian Cole.
5:40 of 3rd period - Slapshot by Erik Gudbranson.
5:40 of 3rd period - Shot Blocked by Nick Jensen.
6:16 of 3rd period - Slapshot by Tage Thompson.
6:16 of 3rd period - Goal by Tage Thompson - Washington Capitals : 4 - Pittsburgh Penguins : 3.
6:17 of 3rd period - Nico Hischier wins face-off versus Leon Draisaitl in neutral zone.
6:20 of 3rd period - Travis Sanheim is hit by John Carlson and loses puck.
6:54 of 3rd period - Snap shot by Phillip Danault.
6:54 of 3rd period - Shot Misses the Net.
7:01 of 3rd period - Icing by Jamie Oleksiak.
7:02 of 3rd period - Mikael Backlund wins face-off versus Jordan Eberle in Washington Capitals zone.
7:13 of 3rd period - Wrist shot by Brad Marchand.
7:13 of 3rd period - Stopped by John Gibson without a rebound.
7:14 of 3rd period - Leon Draisaitl wins face-off versus Nico Hischier in Pittsburgh Penguins zone.
8:33 of 3rd period - Snap shot by Jason Robertson.
8:33 of 3rd period - Deflect By Nico Hischier.
8:33 of 3rd period - Shot Misses the Net.
8:33 of 3rd period - Puck is out of play.
8:34 of 3rd period - Nick Foligno wins face-off versus Leon Draisaitl in Pittsburgh Penguins zone.
8:35 of 3rd period - Wrist shot by Owen Tippett.
8:35 of 3rd period - Stopped by John Gibson with a rebound.
8:41 of 3rd period - Snap shot by Pavel Buchnevich.
8:41 of 3rd period - Shot Blocked by Jamie Oleksiak.
8:43 of 3rd period - Snap shot by Sam Reinhart.
8:43 of 3rd period - Shot Misses the Net.
8:49 of 3rd period - Wrist shot by Sam Reinhart.
8:49 of 3rd period - Shot Misses the Net.
9:01 of 3rd period - Phillip Danault is hit by John Carlson and loses puck.
9:11 of 3rd period - Minor Penalty to Blake Coleman for High sticking.
9:12 of 3rd period - Nico Hischier wins face-off versus Leon Draisaitl in Pittsburgh Penguins zone.
9:20 of 3rd period - Snap shot by Nico Hischier.
9:20 of 3rd period - Shot Blocked by Carson Soucy.
9:22 of 3rd period - Snap shot by Nico Hischier.
9:22 of 3rd period - Stopped by John Gibson with a rebound.
9:24 of 3rd period - Snap shot by Alex Ovechkin.
9:24 of 3rd period - Stopped by John Gibson with a rebound.
9:26 of 3rd period - Slapshot by Jamie Oleksiak.
9:26 of 3rd period - Stopped by John Gibson with a rebound.
9:28 of 3rd period - Slapshot by Thomas Harley.
9:28 of 3rd period - Stopped by John Gibson without a rebound.
9:29 of 3rd period - Jordan Kyrou wins face-off versus Mitchell Marner in Pittsburgh Penguins zone.
10:04 of 3rd period - Slapshot by Jason Robertson.
10:04 of 3rd period - Shot Misses the Net.
10:06 of 3rd period - Slapshot by Jamie Oleksiak.
10:06 of 3rd period - Deflect By Alex Ovechkin.
10:06 of 3rd period - Stopped by John Gibson with a rebound.
10:17 of 3rd period - Off-side.
10:18 of 3rd period - Nico Hischier wins face-off versus Mitchell Marner in neutral zone.
10:21 of 3rd period - Slapshot by Nico Hischier.
10:21 of 3rd period - Goal by Nico Hischier - Washington Capitals : 5 - Pittsburgh Penguins : 3.
10:22 of 3rd period - Leon Draisaitl wins face-off versus Nico Hischier in neutral zone.
10:25 of 3rd period - Snap shot by Sam Reinhart.
10:25 of 3rd period - Goal by Sam Reinhart - Washington Capitals : 5 - Pittsburgh Penguins : 4.
10:26 of 3rd period - Nico Hischier wins face-off versus Phillip Danault in neutral zone.
10:26 of 3rd period - Alex Ovechkin is hit by Brian Dumoulin and loses puck.
10:57 of 3rd period - Snap shot by Drake Batherson.
10:57 of 3rd period - Goal by Drake Batherson - Washington Capitals : 6 - Pittsburgh Penguins : 4.
10:58 of 3rd period - Adam Gaudette wins face-off versus Mikael Backlund in neutral zone.
11:46 of 3rd period - Snap shot by Yegor Chinakhov.
11:46 of 3rd period - Stopped by John Gibson without a rebound.
11:47 of 3rd period - Michael McLeod wins face-off versus Phillip Danault in Pittsburgh Penguins zone.
11:56 of 3rd period - Wrist shot by Michael McLeod.
11:56 of 3rd period - Stopped by John Gibson with a rebound.
12:47 of 3rd period - Off-side.
12:48 of 3rd period - Nick Foligno wins face-off versus Phillip Danault in neutral zone.
12:57 of 3rd period - Snap shot by Nick Foligno.
12:57 of 3rd period - Shot Misses the Net.
12:59 of 3rd period - Wrist shot by Jordan Kyrou.
12:59 of 3rd period - Shot Blocked by Erik Karlsson.
13:01 of 3rd period - Wrist shot by Nick Foligno.
13:01 of 3rd period - Shot Blocked by Mattias Ekholm.
13:44 of 3rd period - Snap shot by Jordan Eberle.
13:44 of 3rd period - Shot Misses the Net.
14:00 of 3rd period - Slapshot by Gabriel Vilardi.
14:00 of 3rd period - Shot Misses the Net.
14:20 of 3rd period - Wrist shot by Pavel Buchnevich.
14:20 of 3rd period - Stopped by Sergei Bobrovsky without a rebound.
14:21 of 3rd period - Nico Hischier wins face-off versus Leon Draisaitl in Washington Capitals zone.
14:32 of 3rd period - Wrist shot by Sam Reinhart.
14:32 of 3rd period - Stopped by Sergei Bobrovsky with a rebound.
14:34 of 3rd period - Wrist shot by Pavel Buchnevich.
14:34 of 3rd period - Stopped by Sergei Bobrovsky with a rebound.
14:36 of 3rd period - Snap shot by Erik Gudbranson.
14:36 of 3rd period - Stopped by Sergei Bobrovsky with a rebound.
14:38 of 3rd period - Slapshot by Erik Gudbranson.
14:38 of 3rd period - Goal by Erik Gudbranson - Washington Capitals : 6 - Pittsburgh Penguins : 5.
14:39 of 3rd period - Nick Foligno wins face-off versus Phillip Danault in neutral zone.
14:48 of 3rd period - Wrist shot by Jordan Kyrou.
14:48 of 3rd period - Stopped by John Gibson without a rebound.
14:49 of 3rd period - Phillip Danault wins face-off versus Nick Foligno in Pittsburgh Penguins zone.
14:58 of 3rd period - Slapshot by Blake Coleman.
14:58 of 3rd period - Shot Blocked by Jamie Oleksiak.
15:08 of 3rd period - Travis Sanheim is hit by Jordan Kyrou and loses puck.
15:31 of 3rd period - Wrist shot by Nick Foligno.
15:31 of 3rd period - Deflect By Owen Tippett.
15:31 of 3rd period - Stopped by John Gibson without a rebound.
15:32 of 3rd period - Adam Gaudette wins face-off versus Nico Hischier in Pittsburgh Penguins zone.
15:39 of 3rd period - Slapshot by Jordan Eberle.
15:39 of 3rd period - Shot Misses the Net.
15:41 of 3rd period - Slapshot by Tage Thompson.
15:41 of 3rd period - Stopped by Sergei Bobrovsky without a rebound.
15:42 of 3rd period - Nico Hischier wins face-off versus Adam Gaudette in Washington Capitals zone.
15:54 of 3rd period - Wrist shot by Tage Thompson.
15:54 of 3rd period - Stopped by Sergei Bobrovsky without a rebound.
15:55 of 3rd period - Nick Foligno wins face-off versus Adam Gaudette in Washington Capitals zone.
16:04 of 3rd period - Snap shot by Jordan Kyrou.
16:04 of 3rd period - Stopped by John Gibson without a rebound.
16:05 of 3rd period - Nick Foligno wins face-off versus Adam Gaudette in Pittsburgh Penguins zone.
16:16 of 3rd period - Wrist shot by Owen Tippett.
16:16 of 3rd period - Shot Misses the Net.
16:54 of 3rd period - Wrist shot by Jordan Kyrou.
16:54 of 3rd period - Shot Misses the Net.
16:56 of 3rd period - Backhand shot by Jamie Oleksiak.
16:56 of 3rd period - Shot Blocked by Adam Gaudette.
17:51 of 3rd period - Wrist shot by Owen Tippett.
17:51 of 3rd period - Stopped by John Gibson without a rebound.
17:52 of 3rd period - Gabriel Vilardi wins face-off versus Michael McLeod in Pittsburgh Penguins zone.
18:02 of 3rd period - Off-side.
18:03 of 3rd period - Jean-Gabriel Pageau wins face-off versus Michael McLeod in neutral zone.
18:10 of 3rd period - Slapshot by Gabriel Vilardi.
18:10 of 3rd period - Shot Blocked by Michael McLeod.
18:30 of 3rd period - Carson Soucy is hit by Nick Jensen and loses puck.
19:05 of 3rd period - Wrist shot by Brad Marchand.
19:05 of 3rd period - Shot Blocked by Carson Soucy.
19:07 of 3rd period - Wrist shot by Jamie Oleksiak.
19:07 of 3rd period - Shot Misses the Net.
19:09 of 3rd period - Slapshot by Mikael Backlund.
19:09 of 3rd period - Shot Misses the Net.
19:25 of 3rd period - Slapshot by Yegor Chinakhov.
19:25 of 3rd period - Stopped by John Gibson with a rebound.
19:27 of 3rd period - Backhand shot by Yegor Chinakhov.
19:27 of 3rd period - Stopped by John Gibson with a rebound.
19:29 of 3rd period - Snap shot by Yegor Chinakhov.
19:29 of 3rd period - Stopped by John Gibson with a rebound.
19:31 of 3rd period - Snap shot by Mikael Backlund.
19:31 of 3rd period - Stopped by John Gibson with a rebound.
19:33 of 3rd period - Slapshot by Brad Marchand.
19:33 of 3rd period - Goal by Brad Marchand - Washington Capitals : 7 - Pittsburgh Penguins : 5.
19:34 of 3rd period - Leon Draisaitl wins face-off versus Mikael Backlund in neutral zone.
19:51 of 3rd period - Slapshot by Mitchell Marner.
19:51 of 3rd period - Stopped by Sergei Bobrovsky without a rebound.
19:52 of 3rd period - Leon Draisaitl wins face-off versus Mikael Backlund in Washington Capitals zone.
Goals for this period are 3 for Washington Capitals vs 3 for Pittsburgh Penguins.
Shots for this period are 22 for Washington Capitals vs 13 for Pittsburgh Penguins.
Back to the Top